 Dungeon Crawl Stone Soup version 0.19.5 (webtiles) character file.

371201 Inarius the Slayer (level 21, -12/174 HPs)
             Began as a Minotaur Fighter on May 14, 2017.
             Was a High Priest of Trog.
             Mangled by an acid blob (25 damage)
             ... created by the Royal Jelly
             ... on level 4 of the Pits of Slime on May 15, 2017.
             The game lasted 05:06:10 (56263 turns).

Inarius the Slayer (Minotaur Fighter)              Turns: 56263, Time: 05:06:11

Health: -12/174    AC: 25    Str: 38    XL:     21   Next: 70%
Magic:  22/22      EV: 24    Int:  3    God:    Trog [*****.]
Gold:   817        SH: 24    Dex: 18    Spells: 0 memorised, 20 levels left

rFire  x . .     SeeInvis .     a - +9 quick blade (chaos)
rCold  . . .     Gourm    .     S - +10 plate armour of Gestures {-Tele rN++}
rNeg   + + .     Faith    .     c - +5 shield
rPois  +         Spirit   .     (helmet restricted)
rElec  .         Reflect  +     u - +1 cloak "Zoeneg" {rPois rF- Str+5}
rCorr  +         Harm     .     P - +0 pair of gloves
MR     ++...     NoTele   +     m - +2 pair of boots
Stlth  ..........               H - +3 amulet of reflection
                                C - +3 ring of slaying
                                G - ring of resist corrosion

@: mighty, agile, exhausted, corroded, very slightly contaminated, hasted and
slowed
A: retaliatory headbutt, horns 2, icy blue scales 2, iridescent scales 1,
deformed body, deterioration 1, dopey 1, frail 2, high mp 1, magic resistance 1,
sense surroundings 2, subdued magic 1
a: Berserk, Trog's Hand, Brothers in Arms, Burn Spellbooks, Renounce Religion
}: 2/15 runes: decaying, gossamer


You were on level 4 of the Pits of Slime.
You worshipped Trog.
Trog was extremely pleased with you.
You were near starving.

You visited 7 branches of the dungeon, and saw 39 of its levels.
You visited the Abyss 2 times.
You also visited: Labyrinth, Bailey and Wizlab.

You collected 4156 gold pieces.
You spent 3339 gold pieces at shops.

Inventory:

Hand Weapons
 a - a +9 quick blade of chaos (weapon)
 b - a +10 hunting sling of flaming
 q - a +8 rapier of electrocution
 O - the +10 falchion of the Everdark {holy, *Noise rElec Dex+6 Stlth+}
   (You took it off a deep elf high priest on level 3 of the Elven Halls)

   It has been blessed by the Shining One to cause great damage to the undead
   and demons.
   It affects your dexterity (+6).
   It insulates you from electricity.
   It may make noises in combat.
   It makes you more stealthy.
Missiles
 E - 230 sling bullets
Armour
 c - a +5 shield (worn)
 m - a +2 pair of boots (worn)
 u - the +1 cloak "Zoeneg" (worn) {rPois rF- Str+5}
   (You bought it in a shop on level 11 of the Dungeon)

   It affects your strength (+5).
   It makes you vulnerable to fire.
   It protects you from poison.
 P - a +0 pair of gloves (worn)
 S - the +10 plate armour of Gestures (worn) {-Tele rN++}
   (You bought it in a shop on level 11 of the Dungeon)

   It greatly protects you from negative energy.
   It prevents most forms of teleportation.
Jewellery
 B - a +3 ring of evasion
 C - a +3 ring of slaying (right hand)
 G - a ring of resist corrosion (left hand)
 H - a +3 amulet of reflection (around neck)
Wands
 U - a wand of digging (5/24)
Scrolls
 g - 3 scrolls of magic mapping
 h - a scroll of summoning
 j - 2 scrolls of enchant armour
 k - 2 scrolls of noise
 l - 4 scrolls of immolation
 r - a scroll of teleportation
 s - 3 scrolls of fear
 v - a scroll of identify
 I - a scroll of blinking
 J - 2 scrolls of fog
 M - a scroll of silence
 V - 9 scrolls of remove curse
Potions
 d - 5 potions of might
 i - 5 potions of resistance
 t - 5 potions of cancellation
 w - 7 potions of agility
 A - 15 potions of curing
 D - 3 potions of heal wounds
 R - 2 potions of invisibility
 W - 3 potions of ambrosia
 Y - 6 potions of flight
Books
 y - a book of Frost

   Spells                             Type                      Level
   a - Freeze                         Ice                          1
   b - Throw Frost                    Conjuration/Ice              2
   c - Ozocubu's Armour               Charms/Ice                   3
   d - Throw Icicle                   Conjuration/Ice              4
   e - Summon Ice Beast               Ice/Summoning                4
   Trog disapproves of the use of such an item.
 Q - a Grand Grimoire

   Spells                             Type                      Level
   a - Monstrous Menagerie            Summoning                    7
   b - Summon Greater Demon           Summoning                    7
   c - Malign Gateway                 Summoning/Translocation      7
   d - Summon Horrible Things         Summoning                    8
   Trog disapproves of the use of such an item.
 T - a book of Air

   Spells                             Type                      Level
   a - Shock                          Conjuration/Air              1
   b - Swiftness                      Charms/Air                   2
   c - Repel Missiles                 Charms/Air                   2
   d - Static Discharge               Conjuration/Air              3
   e - Lightning Bolt                 Conjuration/Air              5
   Trog disapproves of the use of such an item.
Comestibles
 f - 8 bread rations
 n - 28 meat rations
 F - 23 royal jellies
 K - 28 fruits


   Skills:
 * Level 25.6 Fighting
 + Level 14.0 Short Blades
 + Level 1.0(10.2) Long Blades
   Level 9.4 Axes
 + Level 14.3(14.4) Slings
 - Level 2.0(9.1) Throwing
 + Level 20.0 Armour
 * Level 14.4 Dodging
 - Level 1.0 Stealth
 - Level 15.3 Shields
 + Level 2.1 Unarmed Combat
 - Level 1.0 Evocations


You had 20 spell levels left.
You didn't know any spells.

Dungeon Overview and Level Annotations

Branches:
Dungeon (15/15)            Temple (0/1) D:6            Lair (6/6) D:9
  Swamp (4/4) Lair:3       Spider (4/4) Lair:3        Slime (5/5) Lair:5
    Orc (2/2) D:11            Elf (3/3) Orc:2        Vaults (0/5) D:13
 Depths (0/5) D:15

Altars:
Okawaru
Qazlal
Sif Muna
Trog
Uskayaw
Yredelemnul
Zin
The Shining One
Beogh

Shops:
D:9 %   D:11 :[[*[   D:12 (   Orc:2 :%((


Innate Abilities, Weirdness & Mutations

You reflexively headbutt those who attack you in melee.
You have a pair of horns on your head.
You are mostly covered in icy blue scales. (AC +3)
You are partially covered in iridescent scales. (AC +2)
Armour fits poorly on your strangely shaped body.
Your body sometimes deteriorates upon taking damage.
You are dopey. (Int -2)
You are very frail. (-20% HP)
You have an increased reservoir of magic. (+10% MP)
You are resistant to hostile enchantments. (MR+)
You passively map the area around you.
Your spells are a little easier to cast, but a little less powerful.


Message History

Your hands burn!
* * * LOW HITPOINT WARNING * * *
The acid blob is severely wounded.
You puncture the acid blob!
There is a sudden explosion of sparks!
Your hands burn!
* * * LOW HITPOINT WARNING * * *
You headbutt the acid blob.
The acid blob is almost dead.
The acid blob spits acid at you. The splash of acid misses you.
You puncture the acid blob! You freeze the acid blob.
You kill the acid blob!
That felt strangely unrewarding.
The acid blob spits acid at you. The splash of acid hits you! You resist.
* * * LOW HITPOINT WARNING * * *
You are splashed with acid!
The acid burns!
You resist.
* * * LOW HITPOINT WARNING * * *
The acid blob hits you!!
You die...

#....##........#(.......... ####
##...#..........(.......... .#.##
##.#...............#.....# ....#
##......................##.
.#..###.................#.#.>..##
#....#........#........####...###
#...................#...##.#.##
.....<.......^..JJ>.(.......##
#.#.............@.J.....##.##
####......#......J...(.##### ##
##.#.#.##.........(###.###.##
##.....##.........(#.......#
##.#.##...#..............#
######..#...............#
#................#.##
##.........#...######
#........####.##


You could see 3 acid blobs and a death ooze.

Vanquished Creatures
  Nikola (Spider:1)
  A deep elf master archer (Elf:3)
  24 acid blobs
  Kirke (Lair:4)
  A thorn hunter (Swamp:4)
  The ghost of Juudaz the Bludgeoner, an adept DsAK of Lugonu (Swamp:1)
  5 tentacled starspawn (Abyss:3)
  A shadow dragon (Abyss:3)
  9 deep elf sorcerers
  The ghost of Fairytaker the Severer, a journeyman DgFi (D:15)
  A ghost moth (shapeshifter) (Lair:6)
  Aizul (Spider:4)
  10 azure jellies
  3 ghost moths
  7 emperor scorpions
  A ghoul (Swamp:1)
  5 deep elf elementalists (Elf:3)
  A very ugly thing (Swamp:4)
  4 entropy weavers
  4 deep elf demonologists
  7 deep elf annihilators
  10 purple draconians (WizLab)
  A dire elephant (WizLab)
  The ghost of diosMIO22 the Slinger, a journeyman HaHu of Okawaru (Lair:6)
  2 spark wasps
  6 death oozes
  An ettin (D:15)
  A mummy priest (Elf:3)
  2 deep elf death magi (Elf:3)
  9 statues (WizLab)
  A green death (Abyss:3)
  A minotaur (Lab)
  3 deep elf high priests (Elf:3)
  5 great orbs of eyes
  A ghost crab (Swamp:2)
  Erolcha (D:12)
  A rakshasa (Abyss:3)
  4 catoblepae
  2 naga warriors (Abyss:3)
  24 hydras
  2 centaur warriors
  An ogre mage (D:13)
  26 dancing weapons
  19 death yaks
  A death knight (D:13)
  8 alligators
  A queen ant (shapeshifter) (Lair:3)
  2 hell hogs (Abyss:3)
  A thrashing horror (Abyss:3)
  2 vampire magi (Elf:3)
  A fire crab (Lair:5)
  A spriggan berserker (Swamp:4)
  6 orc high priests
  26 deep elf knights
  Nergalle (Orc:1)
  A spatial maelstrom (Abyss:3)
  A hell knight (D:15)
  An unseen horror (shapeshifter) (D:13)
  A death drake (shapeshifter) (Elf:3)
  The ghost of Stendarr the Carver, a novice HEAE of Okawaru (D:8)
  2 unseen horrors
  A deep troll (Spider:4)
  2 spriggan druids
  2 shambling mangroves (Swamp:4)
  14 swamp dragons
  10 hill giants
  14 deep elf archers
  6 orc knights
  An iron dragon zombie (Abyss:3)
  A lindwurm (Elf:1)
  32 wolf spiders
  92 deep elf magi
  9 ugly things
  17 orb spiders
  3 cyclopes
  A faun (shapeshifter) (Elf:3)
  2 large abominations (Abyss:3)
  5 shining eyes
  4 moths of wrath
  6 orc sorcerers
  A worldbinder (Abyss:3)
  A salamander (Abyss:3)
  A water nymph (shapeshifter) (D:14)
  Maurice (D:12)
  5 elephants
  A guardian serpent (Abyss:3)
  5 black mambas
  2 smoke demons (Abyss:3)
  3 eyes of devastation
  4 torpor snails
  15 spiny frogs
  5 kobold demonologists
  11 demonic crawlers
  9 rime drakes
  8 komodo dragons
  2 yaktaurs (D:15)
  A freezing wraith (D:13)
  2 tengu conjurers (D:13)
  An ancient zyme (Abyss:3)
  A meliai (D:12)
  29 jumping spiders
  8 hornets
  5 two-headed ogres
  A queen bee (Lair:1)
  6 tyrant leeches
  7 trolls
  5 polar bears
  136 slime creatures
  12 blink frogs
  18 bog bodies
  4 raiju (Abyss:3)
  A dream sheep (Lair:6)
  17 hippogriffs
  3 spriggans
  66 redbacks
  2 starcursed masses (Abyss:3)
  2 vampires (D:14)
  5 air elementals
  4 flying skulls (Abyss:3)
  4 wraiths
  A ynoxinul (Abyss:3)
  2 shadows
  A basilisk (shapeshifter) (D:13)
  A water elemental (Elf:2)
  7 fire elementals
  25 tarantellas
  4 golden eyes (Slime:5)
  4 wyverns (Lair:5)
  5 hogs
  8 basilisks
  28 yaks
  A hungry ghost (D:12)
  A steam dragon (D:13)
  17 vampire mosquitoes
  A neqoxec (Abyss:3)
  2 wargs
  18 swamp worms
  6 small abominations (Abyss:3)
  6 insubstantial wisps (Abyss:3)
  10 water moccasins
  16 porcupines
  Duvessa (D:7)
  2 soldier ants (D:8)
  A hell hound (Lair:5)
  3 black bears
  28 orc warriors
  9 swamp drakes
  4 ice beasts
  A phantom (D:13)
  5 necrophages
  5 eyes of draining
  8 sky beasts
  2 boggarts (Elf:3)
  8 wolves
  10 centaurs
  9 ogres
  26 crocodiles
  2 big kobolds
  16 bullfrogs
  2 wyvern zombies
  2 earth elementals (Elf:2)
  Dowan (D:7)
  3 scorpions
  A wyvern skeleton (D:7)
  The ghost of Inarius the Covered, a weakling MiFi (D:3)
  35 killer bees
  8 wights
  5 howler monkeys (D:11)
  An electric eel (Lair:1)
  5 centaur zombies
  9 crimson imps
  5 bullfrog zombies
  4 lava snakes (Lab)
  6 quasits
  8 hounds
  27 orc wizards
  A gnoll shaman (D:6)
  21 orc priests
  A centaur skeleton (D:8)
  2 jellies
  5 bullfrog skeletons
  10 iguanas
  20 worker ants
  2 hound skeletons
  2 worker ant zombies
  33 gnolls
  16 adders
  A howler monkey skeleton (D:8)
  3 shadow imps
  2 white imps (Abyss:3)
  An ooze (D:3)
  An adder zombie (D:6)
  4 worms
  2 dart slugs
  12 leopard geckos
  122 orcs
  6 giant cockroaches
  8 goblins
  14 hobgoblins
  12 jackals
  5 quokkas
  A ball python (D:2)
  3 bats (D:2)
  14 frilled lizards
  25 kobolds
  A leopard gecko skeleton (D:4)
  A quokka skeleton (D:7)
  8 rats
  2 crawling corpses (Elf:3)
1694 creatures vanquished.

Vanquished Creatures (collateral kills)
  the Royal Jelly (Slime:5)
  3 acid blobs
  An azure jelly (Slime:3)
  2 death oozes (Slime:5)
  5 shining eyes
  An eye of devastation (Slime:3)
  7 slime creatures
  A swamp worm (Swamp:3)
  An eye of draining (Slime:2)
22 creatures vanquished.

Vanquished Creatures (others)
  A deep elf master archer (Elf:3)
  An azure jelly (Slime:5)
  An emperor scorpion (Spider:4)
  A deep elf death mage (Elf:3)
  A deep elf knight (Elf:2)
  A spriggan druid (Swamp:3)
  A deep elf mage (Elf:2)
  2 deep elf archers
  A wolf spider (Spider:1)
  A manticore (Lair:5)
  A cyclops (D:14)
  A large abomination (Abyss:3)
  A spiny frog (Lair:2)
  A jumping spider (Spider:4)
  A hornet (Swamp:3)
  A redback (Spider:1)
  A spriggan (Swamp:3)
  A human (Lair:4)
  5 centaurs
  A kobold (D:14)
  2 fire vortices (Slime:1)
  2 fungi (Lair:6)
  6 plants
  2 starspawn tentacles (Abyss:3)
37 creatures vanquished.

Grand Total: 1753 creatures vanquished

Notes
Turn   | Place    | Note
-------+----------+-------------------------------------------
     0 | D:1      | Inarius the Minotaur Fighter began the quest for the Orb.
     0 | D:1      | Reached XP level 1. HP: 19/19 MP: 0/0
   190 | D:1      | Reached XP level 2. HP: 27/27 MP: 1/1
   667 | D:2      | Reached skill level 4 in Fighting
   771 | D:2      | Reached XP level 3. HP: 33/33 MP: 2/2
  1154 | D:2      | Reached XP level 4. HP: 40/40 MP: 3/3
  1703 | D:3      | Noticed Inarius's ghost (weakling MiFi)
  1712 | D:3      | Killed Inarius's ghost
  1712 | D:3      | Reached XP level 5. HP: 36/47 MP: 4/4
  2291 | D:4      | Reached XP level 6. HP: 40/55 MP: 5/5
  2294 | D:4      | Reached skill level 5 in Fighting
  2294 | D:4      | Reached skill level 5 in Armour
  2309 | D:4      | Reached skill level 5 in Axes
  2309 | D:4      | Reached skill level 5 in Shields
  2599 | D:4      | Found a glowing silver altar of Zin.
  2698 | D:4      | Got a steaming hand axe
  2699 | D:4      | Identified the +6 hand axe of Duty {freeze, rF+} (You found it on level 4 of the Dungeon)
  3033 | D:4      | Reached XP level 7. HP: 28/61 MP: 6/6
  3462 | D:5      | Entered Level 5 of the Dungeon
  3869 | D:5      | Found a bloodstained altar of Trog.
  3901 | D:5      | Became a worshipper of Trog the Wrathful
  4204 | D:6      | Reached XP level 8. HP: 69/70 MP: 7/7
  4469 | D:6      | Found a staircase to the Ecumenical Temple.
  4536 | D:6      | Reached skill level 6 in Fighting
  4915 | D:6      | Reached * piety under Trog
  4990 | D:7      | Got a warped dagger
  4997 | D:7      | Identified the +8 dagger "Hellblazer" {pierce, rElec rN+} (You found it on level 7 of the Dungeon)
  5018 | D:7      | Found a flagged portal.
  5018 | D:7      | Noticed Duvessa
  5020 | D:7      | Noticed Dowan
  5034 | D:7      | Killed Duvessa
  5037 | D:7      | Killed Dowan
  5076 | D:7      | Reached XP level 9. HP: 70/78 MP: 8/8
  5087 | Bailey   | Entered a bailey
  5176 | Bailey   | Reached skill level 1 in Short Blades
  5417 | Bailey   | Noticed an orc knight
  5547 | Bailey   | Reached ** piety under Trog
  5664 | Bailey   | Killed an orc knight
  6019 | D:7      | Found a deep blue altar of Sif Muna.
  6377 | D:7      | Found a basalt altar of Yredelemnul.
  6386 | D:7      | Found a glowing golden altar of the Shining One.
  6451 | D:7      | Found a bloodstained altar of Trog.
  6463 | D:7      | Found an iron altar of Okawaru.
  6489 | D:7      | Reached skill level 1 in Dodging
  6497 | D:7      | Reached skill level 7 in Fighting
  6846 | D:8      | Noticed Stendarr's ghost (novice HEAE)
  6873 | D:8      | Reached *** piety under Trog
  6889 | D:8      | Gained mutation: You have an increased reservoir of magic. (+10% MP) [mutagenic meat]
  6890 | D:8      | Gained mutation: You have a pair of large horns on your head. [mutagenic meat]
  6892 | D:8      | Gained mutation: Your skin changes colour to match your surroundings (Stealth+). [mutagenic meat]
  6893 | D:8      | Gained mutation: You are partially covered in icy blue scales. (AC +2) [mutagenic meat]
  6894 | D:8      | Lost mutation: Your skin changes colour to match your surroundings (Stealth+). [mutagenic meat]
  6933 | D:8      | Killed Stendarr's ghost
  6933 | D:8      | Reached skill level 5 in Short Blades
  6933 | D:8      | Reached XP level 10. HP: 86/86 MP: 10/10
  7098 | D:8      | Reached skill level 9 in Fighting
  7098 | D:8      | Reached skill level 10 in Armour
  7098 | D:8      | Reached skill level 5 in Dodging
  7098 | D:8      | Reached skill level 10 in Shields
  7098 | D:8      | Reached XP level 11. HP: 97/97 MP: 11/11
  7126 | D:8      | Found a hide-covered altar of Uskayaw.
  7287 | D:8      | Reached skill level 1 in Stealth
  7869 | D:9      | Found a staircase to the Lair.
  7921 | D:9      | Gained mutation: You are occasionally teleported next to monsters. [mutagenic meat]
  7923 | D:9      | Gained mutation: You are frail. (-10% HP) [mutagenic meat]
  7924 | D:9      | Gained mutation: You are agile. (Dex +2) [mutagenic meat]
  7926 | D:9      | Lost mutation: You have a pair of large horns on your head. [mutagenic meat]
  7931 | D:9      | Reached **** piety under Trog
  8181 | D:9      | Found a stormy altar of Qazlal.
  8207 | D:9      | HP: 3/87 [cyclops (9)]
  8403 | D:9      | Found Boam's Food Shop.
  8767 | D:10     | Entered Level 10 of the Dungeon
  9308 | D:10     | Found a roughly hewn altar of Beogh.
  9378 | D:10     | Reached ***** piety under Trog
  9731 | D:11     | Found Paodeos's Antique Armour Emporium.
  9731 | D:11     | Found Ujererr's Book Shoppe.
  9783 | D:11     | Noticed a hill giant
  9801 | D:11     | Killed a hill giant
 10014 | D:11     | Received a gift from Trog
 10126 | D:11     | Found Opnytouf's General Store.
 10178 | D:11     | Bought a shimmering plate armour for 672 gold pieces
 10189 | D:11     | Identified the +10 plate armour of Gestures {-Tele rN++} (You bought it in a shop on level 11 of the Dungeon)
 10218 | D:11     | Found Siarihoj's Antique Armour Shoppe.
 10222 | D:11     | Found a staircase to the Orcish Mines.
 10275 | D:11     | Reached XP level 12. HP: 95/95 MP: 12/12
 10362 | D:11     | Found Necepas's Antique Armour Shoppe.
 10656 | D:12     | Reached skill level 10 in Fighting
 10669 | D:12     | Received a gift from Trog
 10803 | D:12     | Noticed Maurice
 10843 | D:12     | Killed Maurice
 11192 | D:12     | Noticed a six-headed hydra
 11204 | D:12     | Killed a six-headed hydra
 11204 | D:12     | Reached skill level 10 in Short Blades
 11213 | D:12     | Found Xoelatic's Weapon Shoppe.
 11275 | D:12     | Noticed Erolcha
 11294 | D:12     | Killed Erolcha
 11653 | D:12     | Gained mutation: You have a pair of large horns on your head. [mutagenic meat]
 11904 | D:13     | Noticed an ogre mage
 11942 | D:13     | Killed an ogre mage
 12349 | D:13     | Gained mutation: You passively map a small area around you. [mutagenic meat]
 12350 | D:13     | Gained mutation: You are dopey. (Int -2) [mutagenic meat]
 12500 | D:13     | Reached XP level 13. HP: 103/103 MP: 13/13
 12957 | D:13     | Found a gate to the Vaults.
 13151 | D:13     | Reached skill level 11 in Fighting
 13216 | D:13     | Reached skill level 15 in Shields
 13573 | D:13     | Gained mutation: You are partially covered in iridescent scales. (AC +2) [mutagenic meat]
 13574 | D:13     | Gained mutation: You are weak. (Str -2) [mutagenic meat]
 13946 | D:11     | Bought a pair of heavily runed boots for 228 gold pieces
 13959 | D:11     | Identified the +0 pair of boots of Jonodiwk {rPois} (You bought it in a shop on level 11 of the Dungeon)
 14030 | Lair:1   | Entered Level 1 of the Lair of Beasts
 14043 | Lair:1   | Received a gift from Trog
 14833 | Lair:1   | Received a gift from Trog
 14877 | Lair:1   | Reached ****** piety under Trog
 15103 | Lair:2   | Reached skill level 12 in Fighting
 15756 | Orc:1    | Entered Level 1 of the Orcish Mines
 15928 | Lair:3   | Found a hole to the Spider Nest.
 16107 | Lair:3   | Found a staircase to the Swamp.
 16698 | Lair:4   | Reached skill level 13 in Fighting
 16799 | Lair:4   | Reached XP level 14. HP: 116/116 MP: 14/14
 16960 | Lair:4   | Noticed Kirke
 17134 | Lair:4   | Killed Kirke
 17312 | Lair:4   | Reached skill level 14 in Fighting
 18183 | Lair:5   | Received a gift from Trog
 18388 | Lair:5   | Found a staircase to the Slime Pits.
 18432 | Lair:6   | Entered Level 6 of the Lair of Beasts
 18464 | Lair:5   | Reached skill level 15 in Armour
 18513 | Lair:6   | Reached skill level 15 in Fighting
 18556 | Lair:6   | Noticed diosMIO22's ghost (journeyman HaHu)
 18620 | Lair:6   | Killed diosMIO22's ghost
 18707 | Lair:6   | Reached skill level 1 in Unarmed Combat
 19335 | D:11     | Bought a steaming cloak for 294 gold pieces
 19346 | D:11     | Identified the +1 cloak "Zoeneg" {rPois rF- Str+5} (You bought it in a shop on level 11 of the Dungeon)
 19535 | Lair:5   | Reached XP level 15. HP: 119/128 MP: 15/15
 19680 | Lair:6   | Received a gift from Trog
 20046 | Lair:6   | Reached skill level 16 in Fighting
 20281 | Lair:6   | Noticed a storm dragon
 20281 | Lair:6   | a catoblepas changed into a storm dragon
 20286 | Lair:6   | a storm dragon changed into something unseen
 20297 | Lair:6   | Killed a ghost moth
 20473 | Lair:6   | Got a slimy granite ring
 20482 | Lair:6   | Identified the ring of Litor {+Fly MR- AC+2 Dex+2} (You found it on level 6 of the Lair of Beasts)
 21214 | Orc:1    | Noticed an orc warlord
 21288 | Orc:1    | Paralysed by an orc sorcerer for 7 turns
 21298 | Orc:1    | Paralysed by an orc sorcerer for 2 turns
 21645 | Orc:1    | Noticed Nergalle
 21656 | Orc:1    | Killed Nergalle
 21812 | Orc:2    | Entered Level 2 of the Orcish Mines
 22211 | Orc:2    | Found a staircase to the Elven Halls.
 22269 | Orc:2    | Received a gift from Trog
 22311 | Orc:2    | Reached skill level 1 in Slings
 22635 | Orc:2    | Found Liung's Book Boutique.
 22635 | Orc:2    | Found Zisegg's Antique Weapon Emporium.
 22639 | Orc:2    | Found Yrghem's Food Boutique.
 22639 | Orc:2    | Found Vanireef's Weapon Emporium.
 23541 | D:14     | Reached skill level 17 in Fighting
 23798 | D:14     | Found a labyrinth entrance.
 23807 | Lab      | Entered a labyrinth
 24719 | D:14     | Received a gift from Trog
 25053 | D:15     | Entered Level 15 of the Dungeon
 25085 | D:15     | Noticed Fairytaker's ghost (journeyman DgFi)
 25120 | D:15     | Killed Fairytaker's ghost
 25217 | D:15     | Found a staircase to the Depths.
 25584 | D:15     | Lost mutation: You are partially covered in iridescent scales. (AC +2) [potion of mutation]
 25584 | D:15     | Lost mutation: You are occasionally teleported next to monsters. [potion of mutation]
 25584 | D:15     | Gained mutation: You are resistant to hostile enchantments. (MR+) [potion of mutation]
 25585 | D:15     | Lost mutation: You are agile. (Dex +2) [potion of mutation]
 25585 | D:15     | Gained mutation: You are partially covered in iridescent scales. (AC +2) [potion of mutation]
 25609 | D:15     | Got a steaming plate armour
 25621 | D:15     | Identified the +6 plate armour of Untruth {Int+4} (You found it on level 15 of the Dungeon)
 26060 | Elf:1    | Entered Level 1 of the Elven Halls
 26216 | Elf:1    | Reached skill level 18 in Fighting
 26217 | Elf:1    | Noticed a deep elf sorcerer
 26225 | Elf:1    | Reached XP level 16. HP: 136/141 MP: 16/16
 26428 | Elf:1    | Identified the Tome of the Escort
 27405 | Elf:2    | Received a gift from Trog
 27901 | Elf:2    | Found a magical portal.
 27956 | Elf:2    | Lost mutation: You are weak. (Str -2) [potion of mutation]
 27956 | Elf:2    | Gained mutation: You passively map the area around you. [potion of mutation]
 27966 | WizLab   | Entered Iskenderun's Mystic Tower
 28225 | WizLab   | Reached skill level 5 in Slings
 28251 | WizLab   | Reached skill level 1 in Evocations
 28551 | WizLab   | Reached skill level 19 in Fighting
 29199 | WizLab   | Received a gift from Trog
 30453 | WizLab   | Identified Iskenderun's Almanac of Battle Magic
 30453 | WizLab   | Identified Iskenderun's Papyrus of Confrontation
 30453 | WizLab   | Identified the Reference Book on the Supportive Rocks
 30779 | Elf:2    | Noticed a Brimstone Fiend
 30792 | Elf:2    | Noticed a Hell Sentinel
 31306 | Elf:2    | Cast into level 3 of the Abyss (a deep elf demonologist)
 31309 | Abyss:3  | Found a blossoming altar of Fedhas.
 31486 | Abyss:3  | Reached XP level 17. HP: 151/151 MP: 18/18
 31720 | Abyss:3  | Received a gift from Trog
 31739 | Elf:2    | Escaped the Abyss
 32027 | Elf:2    | Got a crystal dagger
 32034 | Elf:2    | Identified the +8 dagger of Starshine {pain, Str-3 Dex+2 SInv} (You found it on level 2 of the Elven Halls)
 32132 | Elf:2    | Reached skill level 10 in Dodging
 32253 | Elf:2    | Found a runed gate.
 32253 | Elf:2    | Found a runed gate.
 32255 | Elf:2    | Found a runed gate.
 32696 | Elf:2    | Reached skill level 20 in Fighting
 33359 | Elf:2    | Received a gift from Trog
 33382 | Elf:3    | Entered Level 3 of the Elven Halls
 33633 | Elf:3    | Found a deep blue altar of Sif Muna.
 33651 | Elf:3    | Received a gift from Trog
 33768 | Elf:3    | Got a glittering ruby amulet
 33939 | Elf:3    | Identified the amulet "Wuifoyd" {RegenMP Str+3} (You took it off a vampire mage on level 3 of the Elven Halls)
 33953 | Elf:3    | Identified Xeyb's Compendium of Companions
 34096 | Elf:1    | Reached skill level 10 in Slings
 34914 | Elf:3    | Received a gift from Trog
 34919 | Elf:3    | Reached XP level 18. HP: 126/159 MP: 19/19
 35324 | Elf:3    | Cast into level 3 of the Abyss (a deep elf sorcerer)
 35739 | Abyss:3  | Reached skill level 21 in Fighting
 35757 | Elf:3    | Escaped the Abyss
 36628 | Elf:3    | Received a gift from Trog
 36636 | Elf:3    | Noticed an Ice Fiend
 37069 | Elf:3    | Received a gift from Trog
 37123 | Elf:3    | Got a scorched ring mail
 37242 | Elf:3    | Received a gift from Trog
 37297 | Elf:3    | Noticed a Tzitzimitl
 38021 | Elf:2    | Identified the cursed +1 ring mail of This Worked Last Time {rElec Slay+2} (You found it on level 3 of the Elven Halls)
 38176 | Elf:3    | Got a fine falchion {holy}
 38425 | Elf:3    | Received a gift from Trog
 38706 | Elf:3    | Identified the +10 falchion of the Everdark {holy, *Noise rElec Dex+6 Stlth+} (You took it off a deep elf high priest on level 3 of the Elven Halls)
 38709 | Elf:3    | Got a bloodstained short sword
 38710 | Elf:3    | Identified the cursed +0 short sword of Romyimohe {pierce, MR+} (You found it on level 3 of the Elven Halls)
 38977 | Elf:3    | Received a gift from Trog
 39316 | Swamp:1  | Entered Level 1 of the Swamp
 39321 | Swamp:1  | Noticed Juudaz's ghost (adept DsAK)
 39351 | Swamp:1  | Killed Juudaz's ghost
 39516 | D:11     | Bought translucent fire dragon scales for 2145 gold pieces
 39529 | D:11     | Identified the cursed +0 fire dragon scales "Uvvej" {rF++ rC- MR+} (You bought it in a shop on level 11 of the Dungeon)
 39813 | Swamp:1  | Reached XP level 19. HP: 171/171 MP: 20/20
 39999 | Swamp:1  | Received a gift from Trog
 40505 | Swamp:2  | Got an aquamarine-encrusted ring mail
 40604 | Swamp:2  | Reached skill level 22 in Fighting
 40651 | Swamp:2  | Identified the +5 ring mail of the Invisible Hand {+Inv +Fly rC+} (You found it on level 2 of the Swamp)
 42025 | Swamp:3  | Received a gift from Trog
 42128 | Swamp:3  | Got an ancient morningstar
 42129 | Swamp:3  | Identified the +1 morningstar "Zuowyet" {venom, rPois} (You found it on level 3 of the Swamp)
 42355 | Swamp:4  | Entered Level 4 of the Swamp
 43336 | Swamp:4  | Received a gift from Trog
 43346 | Swamp:4  | Got a decaying rune of Zot
 43932 | Spider:1 | Entered Level 1 of the Spider Nest
 44073 | Spider:1 | Received a gift from Trog
 44115 | Spider:1 | Noticed Nikola
 44758 | Spider:1 | Killed Nikola
 44758 | Spider:1 | Reached skill level 23 in Fighting
 44990 | Spider:1 | Found a roughly hewn altar of Beogh.
 45737 | Spider:2 | Received a gift from Trog
 45830 | Spider:2 | Reached XP level 20. HP: 182/182 MP: 21/21
 46510 | Spider:3 | Gained mutation: You are mostly covered in icy blue scales. (AC +3) [potion of beneficial mutation]
 47440 | Spider:4 | Entered Level 4 of the Spider Nest
 47449 | Spider:4 | Received a gift from Trog
 47927 | Spider:4 | Received a gift from Trog
 47928 | Spider:4 | Got a smoking hand axe {god gift}
 47931 | Spider:4 | Identified the +2 hand axe of the Warrior {chop, rC+ Str+8 Dex-4 SInv} (Trog gifted it to you on level 4 of the Spider Nest)
 48179 | Spider:4 | Reached skill level 1 in Long Blades
 48370 | Spider:4 | Noticed Aizul
 48420 | Spider:4 | Killed Aizul
 48575 | Spider:4 | Got a gossamer rune of Zot
 48800 | Spider:4 | Reached skill level 24 in Fighting
 49826 | Slime:1  | Entered Level 1 of the Pits of Slime
 50114 | Slime:1  | Received a gift from Trog
 50547 | Slime:1  | Gained mutation: You are very frail. (-20% HP) [a shining eye]
 50788 | Slime:1  | Received a gift from Trog
 51446 | Slime:1  | Received a gift from Trog
 51447 | Slime:1  | Gained mutation: Your body sometimes deteriorates upon taking damage. [a shining eye]
 52433 | Slime:2  | Reached XP level 21. HP: 172/172 MP: 22/22
 53490 | Slime:3  | Received a gift from Trog
 53511 | Slime:3  | Gained mutation: Your spells are a little easier to cast, but a little less powerful. [a shining eye]
 53512 | Slime:3  | Lost mutation: You have a pair of large horns on your head. [a shining eye]
 54157 | Slime:4  | Received a gift from Trog
 54212 | Slime:4  | Reached skill level 25 in Fighting
 55274 | Slime:5  | Entered Level 5 of the Pits of Slime
 55583 | Slime:5  | Received a gift from Trog
 55949 | Slime:5  | Gained mutation: Armour fits poorly on your strangely shaped body. [a shining eye]
 56010 | Slime:5  | Noticed the Royal Jelly
 56221 | Slime:5  | Killed the Royal Jelly
 56259 | Slime:4  | HP: 6/174 [acid[the Royal Jelly] (8)]
 56263 | Slime:4  | Mangled by an acid blob

Skill      XL: |  1  2  3  4  5  6  7  8  9 10 11 12 13 14 15 16 17 18 19 20 21 |
---------------+----------------------------------------------------------------+-----
Armour         | 4 5 6 7 8 10 11 12 13 15 17 18 19 20 | 20.0
Shields        | 4 5 7 8 10 12 14 15 | 15.3
Fighting       | 4 5 6 7 9 10 13 15 18 19 20 21 23 24 25 | 25.6
Axes           | 3 4 6 7 9 |  9.4
Short Blades   | 5 8 10 11 12 13 14 | 14.0
Throwing       | 2 |  2.0
Dodging        | 1 5 6 7 8 9 10 12 13 14 | 14.4
Stealth        | 1 |  1.0
Unarmed Combat | 2 |  2.1
Slings         | 2 7 10 12 13 14 | 14.3
Evocations     | 1 |  1.0
Long Blades    | 1 |  1.0

Action                   |  1- 3 |  4- 6 |  7- 9 | 10-12 | 13-15 | 16-18 | 19-21 || total
-------------------------+-------+-------+-------+-------+-------+-------+-------++-------
Melee: War axe           |    88 |   112 |       |       |       |       |       ||   200
       Headbutt          |    16 |    22 |    84 |   196 |   531 |   368 |   627 ||  1844
       Hand axe          |       |    26 |   169 |       |       |       |       ||   195
       Dagger            |       |       |   227 |   828 |   215 |    18 |       ||  1288
       Quick blade       |       |       |       |       |  1626 |  1076 |  1705 ||  4407
       Unarmed           |       |       |       |       |    18 |       |       ||    18
       Falchion          |       |       |       |       |       |       |    24 ||    24
       Rapier            |       |       |       |       |       |       |     4 ||     4
 Fire: Hunting sling     |       |       |       |       |    58 |   507 |   629 ||  1194
Throw: Tomahawk          |       |       |    33 |    11 |     4 |       |       ||    48
Invok: Berserk           |       |       |     3 |       |     5 |       |     8 ||    16
       Burn Spellbooks   |       |       |       |       |       |     1 |       ||     1
       Brothers in Arms  |       |       |       |       |       |       |    10 ||    10
 Abil: Evoke Flight      |       |       |       |       |     1 |       |       ||     1
Evoke: Wand              |       |       |       |       |     1 |     3 |     1 ||     5
  Use: Potion            |       |       |     1 |     6 |     2 |     6 |    11 ||    26
       Scroll            |       |       |       |    11 |    20 |     7 |    14 ||    52
 Stab: Petrifying        |       |       |       |       |     2 |     3 |     9 ||    14
       Petrified         |       |       |       |       |     1 |       |     3 ||     4
       Confused          |       |       |       |       |     2 |     2 |     5 ||     9
       Paralysed         |       |       |       |       |     2 |     7 |     9 ||    18
       Distracted        |       |       |       |       |       |       |     1 ||     1
  Eat: Chunk             |     1 |     6 |    19 |    25 |    40 |    18 |    15 ||   124
       Beef jerky        |       |       |     1 |       |     5 |     1 |     2 ||     9
       Meat ration       |       |       |       |     1 |       |     1 |     1 ||     3
       Pizza             |       |       |       |       |     1 |     1 |     1 ||     3
       Bread ration      |       |       |       |       |       |     3 |     8 ||    11
       Fruit             |       |       |       |       |       |     2 |     2 ||     4
Armor: Scale mail        |     3 |       |       |       |       |       |       ||     3
       Plate armour      |    64 |    88 |   121 |   198 |   324 |   153 |   366 ||  1314
Dodge: Dodged            |     7 |    28 |    66 |   124 |   150 |   110 |   373 ||   858
Block: Shield            |    45 |    72 |   187 |   400 |   769 |   444 |  1052 ||  2969
       Reflection        |       |       |     3 |    20 |    37 |    87 |    13 ||   160
       Other             |       |       |       |       |     4 |       |       ||     4
